 Dungeon Crawl Stone Soup version 0.31-a0-750-gfe7b580527 (webtiles) character file.

Game seed: 14736646836052711915

121 Newt the Trooper (level 4, 0/58 HPs)
             Began as a Demonspawn Gladiator on Sept 14, 2023.
             Slain by Pikel
             ... wielding a +1 whip of flaming
              (3 damage)
             ... on level 4 of the Dungeon.
             The game lasted 00:02:50 (2416 turns).

Newt the Trooper (Demonspawn Gladiator)             Turns: 2416, Time: 00:02:50

Health: 0/58       AC: 22    Str: 16    XL:     4   Next: 76%
Magic:  4/4        EV:  2    Int:  9    God:
Gold:   165        SH:  0    Dex: 15    Spells: 3/3 levels left

rFire   + . .        h - +0 hand axe (vamp)
rCold   + . .        (no shield)
rNeg    . . .        b - melded +0 leather armour
rPois   +            c - melded +0 helmet
rElec   +            (cloak currently unavailable)
rCorr   +            n - melded +0 pair of gloves
SInv    .            f - melded +2 pair of boots "Foonneup" {+Inv rF+ Regen+}
Will    .....        (no amulet)
Stlth   +            (no ring)
HPRegen 0.29/turn    (no ring)
MPRegen 0.09/turn

%: no passive effects
@: tree-form, resistant
A: stationary, stasis, torment immunity, boosted hp, (claws 1), (slimy green
scales 1)
a: no special abilities


You were on level 4 of the Dungeon.
You were a tree.
You visited 1 branch of the dungeon, and saw 4 of its levels.

You collected 165 gold pieces.

Inventory:

Hand Weapons
 a - a +0 rapier
 h - a +0 vampiric hand axe (weapon)
Missiles
 e - a javelin
 k - 7 poisoned darts
 s - 2 boomerangs
Armour
 b - a +0 leather armour (melded)
 c - a +0 helmet (melded)
 f - the +2 pair of boots "Foonneup" (melded) {+Inv rF+ Regen+}
   (You acquired it on level 3 of the Dungeon)

   rF+:       It protects you from fire.
   +Inv:      It lets you turn invisible.
   Regen+:    It increases your rate of health regeneration.
 n - a +0 pair of gloves (melded)
Wands
 o - a wand of iceblast (9)
Scrolls
 j - a scroll of noise {unknown}
 l - a scroll of enchant armour {unknown}
 r - a scroll of fear {unknown}
Potions
 i - a potion of enlightenment
 p - a potion of lignification


   Skills:
 - Level 5.0 Fighting
 - Level 2.6 Short Blades
 + Level 0.4 Axes
 - Level 1.7 Throwing
 - Level 2.6 Dodging


You had 3 spell levels left.
You didn't know any spells.
Your spell library was empty.

Dungeon Overview and Level Annotations

Branches:
Dungeon (4/15)
 Temple: D:4-7

Altars:

Shops:
D:1 [

Annotations:
D:4 Pikel


Innate Abilities, Weirdness & Mutations

You are a tree.
Your roots penetrate the ground, keeping you stationary.
You cannot be teleported.
You are immune to unholy pain and torment.
Your maximum health is greatly increased.
Your equipment is partially melded.
((You have sharp fingernails.))
((You are partially covered in slimy green scales. (AC +2)))


Message History

Okay, then.
It was a potion of lignification.
You turn into a tree.
Your +0 helmet melds into your body.
Your +0 pair of gloves melds into your body.
The +2 pair of boots "Foonneup" {+Inv rF+ Regen+} melds into your body.
Your +0 leather armour melds into your body.
Your roots penetrate the ground.
The lemure struggles against the net.
Pikel hits you with a +1 whip of flaming.
* * * LOW HITPOINT WARNING * * *
Pikel burns you.
* * * LOW HITPOINT WARNING * * *
You barely miss Pikel.
Pikel is heavily wounded.
The lemure struggles against the net.
The net rips apart, and the lemure comes free!
Pikel hits you with a +1 whip of flaming.
* * * LOW HITPOINT WARNING * * *
Pikel burns you.
* * * LOW HITPOINT WARNING * * *
Unknown command.
Unknown command.
Unknown command.
It was a potion of magic.
Magic courses through your body. Pikel hits you but does no damage.
It was a potion of resistance.
You feel protected. Pikel hits you but does no damage.
Unknown command.
Unknown command.
Unknown command.
You hit Pikel but do no damage.
Pikel is heavily wounded.
Pikel hits you but does no damage.
Pikel hits you with a +1 whip of flaming.
* * * LOW HITPOINT WARNING * * *
You hit Pikel but do no damage.
Pikel is heavily wounded.
Pikel hits you with a +1 whip of flaming.
You die...
Pikel says, "See you in Hell!"

#######
################.....#
#........oo5...#.<...#
#...oo5o..555..'.....#
#...##..###K####.....#######
#. #..###♣#.....####......
#...+..#.....# #......
#...#..#.....# #......
#...#..#.....# #......
#...#..#.....# #......
#..##'##.....####......
#.....##'##....#####
#.....#.............
#.....#.............


You could see Pikel, 4 lemures and 2 orcs.

Vanquished Creatures
  An orc priest (D:4)
  2 adders
  2 worms
  2 dart slugs
  An orc (D:3)
  6 ball pythons
  2 endoplasms
  2 giant cockroaches
  5 goblins (D:1)
  4 hobgoblins
  10 jackals
  8 kobolds
  4 quokkas
  2 bats (D:3)
  4 frilled lizards
  2 rats
57 creatures vanquished.

Notes
Turn   | Place    | Note
-------+----------+-------------------------------------------
     0 | D:1      | Newt the Demonspawn Gladiator began the quest for the Orb.
     0 | D:1      | Reached XP level 1. HP: 16/16 MP: 1/1
   173 | D:1      | Gained mutation: You have sharp fingernails. [demonic
                  | ancestry]
   173 | D:1      | Reached XP level 2. HP: 18/23 MP: 2/2
   332 | D:1      | Reached skill level 3 in Fighting
   518 | D:1      | Found Ryn Kosa's Armour Shop.
  1029 | D:2      | Gained mutation: You are partially covered in slimy green
                  | scales. (AC +2) [demonic ancestry]
  1029 | D:2      | Reached XP level 3. HP: 15/29 MP: 3/3
  1451 | D:3      | Identified a scroll of acquirement
  1451 | D:3      | Acquired the +2 pair of boots "Foonneup" {+Inv rF+ Regen+}
  1469 | D:3      | Reached skill level 4 in Fighting
  1765 | D:3      | Reached XP level 4. HP: 38/38 MP: 4/4
  1897 | D:3      | Found a faded altar of an unknown god.
  2367 | D:4      | Noticed Pikel
  2367 | D:4      | Noticed a lemure
  2367 | D:4      | Noticed a lemure
  2368 | D:4      | Noticed a lemure
  2368 | D:4      | Noticed a lemure
  2376 | D:4      | Reached skill level 5 in Fighting
  2416 | D:4      | Slain by Pikel

Illustrated notes

Levels and vault maps discovered:
D:1:      matt_arrival_diagonals, layout_loops_corners, serial_shops,
          nicolae_shop_just_a_little_nook, st_stairs_4
D:2:      layout_rooms
D:3:      layout_loops_ring, chequers_ecumenical_altar_grove
D:4:      layout_gridville, mainiacjoe_overflow_boulevard,
          gammafunk_temple_overflow_elements, lemuel_crystal_altar, temple_hall,
          uniq_duvessa, uniq_edmund, uniq_pikel

Skill      XL: |  1  2  3  4 |
---------------+-------------+-----
Fighting       | 3 4 5 |  5.0
Short Blades   | |  2.6
Axes           | |  0.4
Throwing       | |  1.7
Dodging        | |  2.6

Action                     |  1- 3 |  4- 6 || total
---------------------------+-------+-------++-------
  Melee: Rapier            |    57 |       ||    57
         Hand axe          |    84 |    71 ||   155
         Punch             |       |     1 ||     1
  Throw: Throwing net      |       |     3 ||     3
    Use: Scroll            |     5 |       ||     5
         Potion            |       |     4 ||     4
   Stab: Sleeping          |     2 |     1 ||     3
 Armour: Leather armour    |    82 |    58 ||   140
         Skin              |       |     7 ||     7
  Dodge: Dodged            |   104 |    70 ||   174

Table legend: (Time is in decaauts)
 A = Elapsed time spent in this place.
 B = Non-inter-level travel time spent in this place.
 C = Inter-level travel time spent in this place.
 D = Time resting spent in this place.
 E = Time spent auto-exploring this place.
 F = Levels seen in this place.
 G = Mean time per level.
                   A        B        C        D        E       F      G
               +--------+--------+--------+--------+--------+-----+--------+
         Total |   2463 |   2265 |    198 |     12 |   1769 |   4 |  615.8 |
       Dungeon |   2463 |   2265 |    198 |     12 |   1769 |   4 |  615.8 |
               +--------+--------+--------+--------+--------+-----+--------+

Top non-repeatable levels by time:
     D:1: 995 daAuts
     D:3: 798 daAuts
     D:2: 470 daAuts
     D:4: 199 daAuts
